 Dungeon Crawl Stone Soup version 0.28.0 (webtiles) character file.

Game seed: 14089888229044021900

112 Prodoman the Magician (level 4, -2/30 HPs)
             Began as a Demonspawn Hedge Wizard on Feb 4, 2022.
             Slain by a goblin (4 damage)
             ... on level 3 of the Dungeon.
             The game lasted 00:13:02 (3549 turns).

Prodoman the Magician (Demonspawn Hedge Wizard)     Turns: 3549, Time: 00:13:02

Health: -2/30      AC:  8    Str: 10    XL:     4   Next: 64%
Magic:  0/9        EV: 12    Int: 18    God:
Gold:   67         SH:  0    Dex: 12    Spells: 8/9 levels left

rFire   . . .      SeeInvis .   k - +2 dagger (venom)
rCold   . . .      Faith    .   (no shield)
rNeg    . . .      Spirit   .   b - +0 robe
rPois   .          Reflect  .   c - +0 hat
rElec   .          Harm     .   i - +2 cloak
rCorr   .          Rampage  .   (no gloves)
Will    .....                   (no boots)
Stlth   ++........              (no amulet)
HPRegen 0.10/turn               (no ring)
MPRegen 0.11/turn               (no ring)

@: very slightly contaminated
A: molten scales 2
a: no special abilities


You were on level 3 of the Dungeon.
You visited 1 branch of the dungeon, and saw 3 of its levels.

You collected 117 gold pieces.
You spent 50 gold pieces at shops.

Inventory:

Hand Weapons
 a - a +0 dagger
 k - a +2 dagger of venom (weapon)
Armour
 b - a +0 robe (worn)
 c - a +0 hat (worn)
 i - a +2 cloak (worn)
Magical Staves
 h - a staff of poison
Scrolls
 e - a scroll of teleportation
 j - a scroll of brand weapon {unknown}
 l - a scroll of identify
Potions
 d - a potion of degeneration
 f - a potion of curing
 g - a potion of heal wounds


   Skills:
 + Level 0.8 Staves
 + Level 2.2 Dodging
 + Level 2.2 Stealth
 * Level 3.4 Spellcasting
 + Level 1.6 Conjurations
 + Level 1.5 Summonings
 + Level 1.8 Translocations
 + Level 1.0 Poison Magic
 + Level 1.1 Evocations


You had 8 spell levels left.
You knew the following spells:

 Your Spells              Type           Power      Damage    Failure   Level
a - Magic Dart            Conj           32%        1d4       9%          1

Your spell library contained the following spells:

 Spells                   Type           Power      Damage    Failure   Level
 Blink                    Tloc           18%        N/A       12%         2
 Call Imp                 Summ           8%         N/A       13%         2
 Slow                     Hex            12%        N/A       16%         1
 Mephitic Cloud           Conj/Pois/Air  6%         N/A       32%         3
 Conjure Flame            Conj/Fire      5%         6-21      34%         3


Dungeon Overview and Level Annotations

Branches:
Dungeon (3/15)

Altars:
Elyvilon

Shops:
D:2 (   D:3 !


Innate Abilities, Weirdness & Mutations

You are mostly covered in molten scales. (AC +3)


Message History

You hit the ogre.
The ogre is poisoned.
The ogre is lightly wounded.
The ogre misses you.
Hit: k) +2 dagger (venom)
Press: ? - help, Dir - move target, f/p - ogre
Aim: an ogre, wielding a +0 giant club (moderately wounded, very poisoned, about 23% to evade your +2 dagger of venom)
You barely miss the ogre.
The ogre is moderately wounded.
The ogre barely misses you.
Casting: Magic Dart (safe; 9% risk of failure)
Confirm with . or Enter, or press ? or * to list all spells.
Aiming: Magic Dart (safe; 9% risk of failure)
Press: ? - help, Shift-Dir - straight line, f/p - ogre
Aim: an ogre, wielding a +0 giant club (moderately wounded, very poisoned, 100% to hit)
You miscast Magic Dart.
You are very lightly contaminated with residual magic.
Nothing appears to happen.
The ogre misses you. The goblin misses you.
Hit: k) +2 dagger (venom)
Press: ? - help, Dir - move target, f/p - ogre
Aim: an ogre, wielding a +0 giant club (moderately wounded, very poisoned, about 23% to evade your +2 dagger of venom)
You hit the ogre.
The ogre looks as sick as possible!
The ogre is heavily wounded.
The goblin hits you with a +0 club. The goblin closely misses you.
Hit: k) +2 dagger (venom)
Press: ? - help, Dir - move target, f/p - ogre
Aim: an ogre, wielding a +0 giant club (heavily wounded, extremely poisoned, about 23% to evade your +2 dagger of venom)
You barely miss the ogre.
The ogre is heavily wounded.
The ogre hits you with a +0 giant club!!
Ouch! That really hurt!
* * * LOW HITPOINT WARNING * * *
The goblin barely misses you. The goblin completely misses you.
You feel better. The ogre barely misses you.
The goblin hits you but does no damage. The goblin barely misses you.
You feel better.
The ogre hits you with a +0 giant club!!
Ouch! That really hurt!
* * * LOW HITPOINT WARNING * * *
The goblin hits you with a +0 club.
You die...

#......## #.#
#......# #.# #......#
####.####
##..######........
####...# ##.........
#.....†# #..........
#......# #..........
#......# #..........
#...@O.# #..........
#...gg.####.........#
#...................#
#......###.#........#
#......# #........###
#......# #.#..###..##
######.# #.#.## ##...
#)# #.#.# ####
#.###.#.#


You could see an ogre (very poisoned) and 2 goblins.

Vanquished Creatures
  4 adders (D:2)
  An orc (D:3)
  4 endoplasms
  8 giant cockroaches
  11 goblins
  7 hobgoblins
  2 jackals (D:3)
  2 quokkas
  10 ball pythons
  6 bats
  6 frilled lizards
  3 kobolds
  7 rats
71 creatures vanquished.

Notes
Turn   | Place    | Note
-------+----------+-------------------------------------------
     0 | D:1      | Prodoman the Demonspawn Hedge Wizard began the quest for
                  | the Orb.
     0 | D:1      | Reached XP level 1. HP: 13/13 MP: 4/4
    51 | D:1      | Reached skill level 1 in Translocations
   207 | D:1      | Gained mutation: You are partially covered in molten
                  | scales. (AC +2) [demonic ancestry]
   207 | D:1      | Reached XP level 2. HP: 15/19 MP: 0/6
  1222 | D:1      | Gained mutation: You are mostly covered in molten scales.
                  | (AC +3) [demonic ancestry]
  1222 | D:1      | Reached XP level 3. HP: 21/24 MP: 1/7
  1762 | D:2      | Found a faded altar of an unknown god.
  2043 | D:2      | Reached XP level 4. HP: 30/30 MP: 1/8
  2521 | D:2      | Found Tiaseirch's Weapon Boutique.
  2538 | D:2      | Reached skill level 1 in Evocations
  3053 | D:3      | Reached skill level 1 in Poison Magic
  3260 | D:3      | Found Hiheig's Distillery.
  3269 | D:3      | Bought a potion of heal wounds for 50 gold pieces
  3507 | D:3      | Noticed an ogre
  3549 | D:3      | Slain by a goblin

Illustrated notes

Levels and vault maps discovered:
D:1:      psy_arrival_terrarium, layout_basic, minmay_worlds_worst_comb
D:2:      layout_loops_cross, serial_shops, shop,
          hellmonk_ecumenical_altar_run_dry, lightli_corner_chamber
D:3:      layout_rooms, mainiacjoe_overflow_surrounded_room, serial_shops,
          nicolae_shop_trees, minmay_ogre_servants

Skill      XL: |  1  2  3  4 |
---------------+-------------+-----
Translocations | 1 |  1.8
Stealth        | 2 |  2.2
Dodging        | 2 |  2.2
Evocations     | 1 |  1.1
Poison Magic   | 1 |  1.0
Staves         | |  0.8
Spellcasting   | |  3.4
Conjurations   | |  1.6
Summonings     | |  1.5

Action                   |  1- 3 |  4- 6 || total
-------------------------+-------+-------++-------
Melee: Staff             |    47 |    37 ||    84
       Dagger            |     1 |     9 ||    10
 Cast: Magic Dart        |   110 |    63 ||   173
  Use: Scroll            |     2 |     1 ||     3
       Potion            |       |     2 ||     2
 Stab: Sleeping          |       |     1 ||     1
Armor: Robe              |    42 |    29 ||    71
Dodge: Dodged            |    63 |    48 ||   111
